 Dungeon Crawl Stone Soup version 0.28.0-43-g3370ac3207 (webtiles) character file.

Game seed: 9479384758200482329

5909 choreboyy the Carver (level 10, -1/77 HPs)
             Began as a Minotaur Hunter on Mar 14, 2022.
             Was a Priest of Okawaru.
             Slain by a centaur (2 damage)
             ... on level 8 of the Dungeon.
             The game lasted 00:41:34 (10663 turns).

choreboyy the Carver (Minotaur Hunter)             Turns: 10663, Time: 00:41:34

Health: -1/77      AC: -2    Str: 18    XL:     10   Next: 53%
Magic:  24/24      EV: 12    Int:  8    God:    Okawaru [***...]
Gold:   492        SH:  5    Dex: 14    Spells: 15/18 levels left

rFire   + . .      SeeInvis .   A - +6 long sword of Cenish {holy, rN+}
rCold   . . .      Faith    .   (no shield)
rNeg    + . .      Spirit   .   B - +1 scale mail of Dyspraxia {+Blink rF+ MP+9}
rPois   +          Reflect  +   (helmet restricted)
rElec   .          Harm     .   (no cloak)
rCorr   .          Rampage  .   e - +0 pair of gloves
Will    .....                   (no boots)
Stlth   ..........              f - amulet of reflection
HPRegen 0.22/turn               (no ring)
MPRegen 0.19/turn               (no ring)

@: corroded, studying Long Blades
A: horns 2, retaliatory headbutt, deformed body, frail 1, poison resistance
a: Renounce Religion, Evoke Blink, Heroism


You were on level 8 of the Dungeon.
You worshipped Okawaru.
Okawaru was most pleased with you.
You visited 2 branches of the dungeon, and saw 9 of its levels.

You collected 492 gold pieces.

Inventory:

Hand Weapons
 a - a +1 hunting sling
 b - a +0 short sword
 o - the +1 whip of Geoh {venom, Contam rPois Dex+6}
   (You found it on level 4 of the Dungeon)

   It poisons the flesh of those it strikes.
   Dex:       It affects your dexterity (+6).
   rPois:     It protects you from poison.
   Contam:    It causes magical contamination when unequipped.
 t - a +1 dire flail of holy wrath
 z - a +1 whip of flaming
 A - the +6 long sword of Cenish (weapon) {holy, rN+}
   (You found it on level 5 of the Dungeon)

   It has been blessed by the Shining One to cause great damage to the undead
   and demons.
   rN:        It protects you from negative energy.
Missiles
 d - 48 sling bullets
 j - 207 stones (quivered)
Armour
 c - a +0 leather armour
 e - a +0 pair of gloves (worn)
 B - the +1 scale mail of Dyspraxia (worn) {+Blink rF+ MP+9}
   (You found it on level 6 of the Dungeon)

   rF:        It protects you from fire.
   MP:        It affects your magic capacity (+9).
   +Blink:    It lets you blink.
Jewellery
 f - an amulet of reflection (around neck)
 n - an amulet of magic regeneration
 w - a ring of willpower
 E - an amulet of regeneration
Wands
 l - a wand of digging (2)
 m - a wand of iceblast (19)
Scrolls
 g - 3 scrolls of immolation {unknown}
 r - 3 scrolls of teleportation {unknown}
 v - a scroll of enchant weapon {unknown}
 y - a scroll of fog {unknown}
 C - 2 scrolls of amnesia {unknown}
 D - a scroll of vulnerability {unknown}
Potions
 h - 2 potions of brilliance
 i - 2 potions of haste
 k - a potion of lignification
 p - a potion of attraction
 s - a potion of magic {unknown}


   Skills:
 - Level 7.0 Fighting
 + Level 12.1 Long Blades
 - Level 5.4 Maces & Flails
 - Level 6.5 Slings
 - Level 2.0 Armour
 - Level 6.4 Dodging
 - Level 0.7 Stealth
 - Level 4.6 Spellcasting
 - Level 5.6 Transmutations


You had 15 spell levels left.
You knew the following spells:

 Your Spells              Type           Power      Damage    Failure   Level
a - Beastly Appendage     Tmut           20%        N/A       9%          1
b - Wereblood             Tmut           10%        N/A       13%         2

Your spell library contained the following spells:

 Spells                   Type           Power      Damage    Failure   Level
 Spider Form              Tmut/Pois      6%         N/A       63%         3
 Apportation              Tloc           2%         N/A       65%         1
 Blink                    Tloc           2%         N/A       80%         2
 Confusing Touch          Hex            1%         N/A       95%         3
 Leda's Liquefaction      Hex/Erth       0%         N/A       100%        4
 Lee's Rapid Deconstruct  Erth           0%         3d5*      100%        5
 Manifold Assault         Tloc           1%         N/A       100%        5
 Yara's Violent Unravell  Hex/Tmut       3%         3d4       100%        5
 Enfeeble                 Hex            0%         N/A       100%        7
 Storm Form               Tmut/Air       3%         N/A       100%        7
 Animate Skeleton         Necr           Unusable   N/A       N/A         1
 Summon Small Mammal      Summ           Unusable   N/A       N/A         1

Dungeon Overview and Level Annotations

Branches:
Dungeon (8/15)             Temple (1/1) D:6            Lair (0/6) D:8

Altars:
Ashenzari
Cheibriados
Elyvilon
Gozag
Hepliaklqana
Kikubaaqudgha
Makhleb
Okawaru
Qazlal
Sif Muna
Trog
Vehumet
Xom
Zin
The Shining One

Shops:
D:6 *


Innate Abilities, Weirdness & Mutations

You have a pair of horns on your head.
You reflexively headbutt those who attack you in melee.
Armour fits poorly on your strangely shaped body.
You are frail. (-10% HP)
Your system is resistant to poisons. (rPois)


Message History

Something appears at your feet!
Your Long Blades skill increases to level 12!
d - 48 sling bullets (gained 22)
You start resting.
HP restored.
As you read the scroll labelled ARAIBLUMOSCH, it crumbles to dust.
It is a scroll of identify.
h - 2 potions of brilliance
As you read the scroll of identify, it crumbles to dust.
i - 2 potions of haste
As you read the scroll of identify, it crumbles to dust.
k - a potion of lignification
As you read the scroll of identify, it crumbles to dust.
p - a potion of attraction It was a potion of mutation.
You feel extremely strange.
You feel agile.
You feel a little more calm.
You feel robust.
You no longer feel heat resistant.
You feel agile.
Your body twists and deforms.
You feel resistant to poisons.
There is a stone staircase leading up, spattered with blood here.
Things that are here:
a +0 hand axe; a +0 whip You see here a +0 whip.
Found a stone staircase leading down.
There is a stone staircase leading down here.
The centaur shouts!
The centaur zaps a wand.
The bolt of acid hits you!!! The acid corrodes you!
There is a stone staircase leading down here.
The centaur shoots an arrow.
The arrow hits you!
The centaur shoots an arrow.
The arrow completely misses you.
The centaur zaps a wand.
The bolt of acid hits you!
* * * LOW HITPOINT WARNING * * *
The acid corrodes you!
The centaur shoots an arrow.
The arrow hits you.
* * * LOW HITPOINT WARNING * * *
You slash the centaur!
The centaur is heavily wounded.
The centaur unwields a +0 shortbow.
The centaur hits you.
* * * LOW HITPOINT WARNING * * *
The centaur kicks you.
You die...

###.###.#.........# ##).#
#.)#..P....## ...
##..###.##.......# ..#
##)#...####.....## .c
##)##.######...## ..
..<)).###.....## .#
............#..# .#
##.##.###.....#.####.#
##)##........###@c>..#
##.##.....###.#.#####......
##.##....## ##.## #####
##.##.##..# #.# ##.##.###.#
... ##.##.# #.# ....#
##.##.##.#......# .......#
#.....# #.## .#....#


You could see a centaur.

Vanquished Creatures
  Harold (D:7)
  A death yak (D:8)
  Pikel (D:4)
  A cyclops (D:7)
  2 polar bears
  Edmund (D:4)
  3 wargs
  Menkaure (D:7)
  A water moccasin (D:7)
  An orc warrior (D:7)
  2 black bears
  3 ice beasts
  4 sky beasts
  3 ogres
  3 centaurs
  3 lemures (D:5)
  A phantom (D:6)
  2 bullfrogs
  A water moccasin zombie (D:6)
  A gnoll sergeant (D:8)
  4 scorpions
  A wyvern zombie (D:7)
  5 killer bees (D:7)
  A bullfrog zombie (D:5)
  A jelly (D:5)
  A hound (D:6)
  2 orc priests (D:8)
  A gnoll shaman (D:7)
  A bullfrog skeleton (D:6)
  6 orc wizards
  A killer bee zombie (D:7)
  A hound skeleton (D:5)
  Robin (D:4)
  7 gnolls
  3 adders
  A white imp (D:7)
  An ufetubus (D:5)
  An adder zombie (D:5)
  2 worms
  3 dart slugs
  14 orcs
  6 bats
  4 endoplasms
  2 giant cockroaches (D:4)
  13 goblins
  11 hobgoblins
  6 ball pythons
  6 frilled lizards
  3 kobolds
  5 rats
150 creatures vanquished.

Vanquished Creatures (others)
  A plant (D:8)
1 creature vanquished.

Grand Total: 151 creatures vanquished

Notes
Turn   | Place    | Note
-------+----------+-------------------------------------------
     0 | D:1      | choreboyy the Minotaur Hunter began the quest for the Orb.
     0 | D:1      | Reached XP level 1. HP: 18/18 MP: 0/0
   412 | D:1      | Reached XP level 2. HP: 25/25 MP: 1/1
   986 | D:2      | Reached XP level 3. HP: 31/31 MP: 2/2
  1014 | D:2      | Learned a level 1 spell: Beastly Appendage
  1146 | D:2      | You fall into a shaft and drop 2 floors!
  1167 | D:4      | Found a radiant altar of Vehumet.
  1167 | D:4      | Noticed Robin
  1184 | D:4      | Noticed Edmund
  1228 | D:4      | Noticed a bullfrog
  1448 | D:4      | Killed a bullfrog
  1449 | D:4      | Reached skill level 5 in Slings
  1449 | D:4      | Reached XP level 4. HP: 40/40 MP: 3/3
  1552 | D:4      | Identified the +1 whip of Geoh {venom, Contam rPois Dex+6}
  1833 | D:3      | Reached XP level 5. HP: 46/46 MP: 4/4
  2575 | D:4      | Killed Robin
  2765 | D:4      | Gained mutation: Your flesh is heat resistant. (rF+)
                  | [mutagenic glow]
  2877 | D:4      | Killed Edmund
  2878 | D:4      | Reached skill level 1 in Maces & Flails
  2878 | D:4      | Reached XP level 6. HP: 21/53 MP: 5/5
  3174 | D:4      | Gained mutation: You are clumsy. (Dex -2) [mutagenic glow]
  3333 | D:5      | Entered Level 5 of the Dungeon
  3512 | D:5      | Noticed a sky beast
  4625 | D:5      | Killed a sky beast
  4626 | D:5      | Reached skill level 5 in Fighting
  4987 | D:5      | Found a burning altar of Makhleb.
  4995 | D:5      | Reached skill level 5 in Dodging
  4995 | D:5      | Reached XP level 7. HP: 49/61 MP: 6/6
  5099 | D:5      | Gained mutation: You are very clumsy. (Dex -4) [mutagenic
                  | glow]
  5100 | D:5      | Noticed Pikel
  5141 | D:4      | Killed Pikel
  5142 | D:4      | Reached skill level 5 in Maces & Flails
  5142 | D:4      | Reached XP level 8. HP: 28/71 MP: 7/7
  5432 | D:5      | Gained mutation: You tend to lose your temper in combat.
                  | [mutagenic glow]
  5481 | D:5      | Gained mutation: You are frail. (-10% HP) [mutagenic glow]
  5500 | D:5      | Got the Reference Book on the Quantum Rocks
  5500 | D:5      | Gained mutation: You are very frail. (-20% HP) [mutagenic
                  | glow]
  5521 | D:5      | Learned a level 2 spell: Wereblood
  5583 | D:5      | Reached skill level 1 in Armour
  5678 | D:5      | Found a hazy altar of Hepliaklqana.
  5873 | D:5      | Identified the +6 long sword of Cenish {holy, rN+}
  5953 | D:6      | Identified the +1 scale mail of Dyspraxia {+Blink rF+ MP+9}
  5987 | D:6      | Reached skill level 1 in Transmutations
  6221 | D:6      | Reached skill level 1 in Spellcasting
  6548 | D:6      | Reached skill level 1 in Long Blades
  6550 | D:6      | Found a staircase to the Ecumenical Temple.
  6571 | Temple   | Entered the Ecumenical Temple
  6614 | Temple   | Became a worshipper of Warmaster Okawaru
  6749 | D:6      | Found Qoxatic's General Store.
  6831 | D:6      | Reached skill level 2 in Long Blades
  6839 | D:6      | Reached skill level 3 in Long Blades
  6929 | D:6      | Reached skill level 4 in Long Blades
  7117 | D:6      | Reached XP level 9. HP: 59/63 MP: 11/11
  7158 | D:6      | Reached * piety under Okawaru
  7281 | D:7      | Reached skill level 5 in Long Blades
  7443 | D:7      | Noticed a cyclops
  7493 | D:7      | Noticed Menkaure
  7703 | D:7      | Reached skill level 6 in Long Blades
  8120 | D:7      | Reached skill level 7 in Long Blades
  8363 | D:7      | Noticed Harold
  8375 | D:7      | Killed Harold
  8375 | D:7      | Reached ** piety under Okawaru
  8376 | D:7      | Reached skill level 8 in Long Blades
  8392 | D:7      | Killed Menkaure
  8591 | D:7      | Killed a cyclops
  8592 | D:7      | Reached skill level 9 in Long Blades
  8592 | D:7      | Reached XP level 10. HP: 28/68 MP: 14/14
  9202 | D:8      | Found a staircase to the Lair.
  9217 | D:8      | Reached skill level 5 in Transmutations
  9603 | D:7      | Reached *** piety under Okawaru
  9604 | D:7      | Reached skill level 10 in Long Blades
 10367 | D:8      | Noticed a death yak
 10379 | D:8      | Killed a death yak
 10380 | D:8      | Reached skill level 11 in Long Blades
 10501 | D:8      | Received a gift from Okawaru
 10502 | D:8      | Reached skill level 12 in Long Blades
 10598 | D:8      | Lost mutation: You are very clumsy. (Dex -4) [potion of
                  | mutation]
 10598 | D:8      | Lost mutation: You tend to lose your temper in combat.
                  | [potion of mutation]
 10598 | D:8      | Lost mutation: You are very frail. (-20% HP) [potion of
                  | mutation]
 10598 | D:8      | Lost mutation: Your flesh is heat resistant. (rF+) [potion
                  | of mutation]
 10598 | D:8      | Lost mutation: You are clumsy. (Dex -2) [potion of
                  | mutation]
 10598 | D:8      | Gained mutation: Armour fits poorly on your strangely
                  | shaped body. [potion of mutation]
 10598 | D:8      | Gained mutation: Your system is resistant to poisons.
                  | (rPois) [potion of mutation]
 10663 | D:8      | HP: 1/77 [centaur (4)]
 10663 | D:8      | Slain by a centaur

Illustrated notes

Levels and vault maps discovered:
D:1:      psy_arrival_terrarium, layout_basic
D:2:      layout_basic
D:3:      layout_rooms
D:4:      layout_basic, mainiacjoe_overflow_concentric_impassable,
          corexii_corridor_pit, roderic_three_in_a_row, uniq_robin, uniq_edmund
D:5:      layout_cave_pools, lightli_temple_of_fire,
          mainiacjoe_overflow_surrounded_room, uniq_pikel
D:6:      layout_loops_ring, minmay_temple_entry_stoned_glass, serial_shops,
          shop_statue
D:7:      layout_loops_ring, uniq_menkaure, uniq_harold
D:8:      layout_loops_ring, nicolae_uskayaw_dance_hall,
          gammafunk_temple_overflow_claw, erik_lair_orcish_takeover, serial_ice,
          serial_ice_o, serial_ice_k, serial_ice_n, serial_ice_f, serial_ice_a,
          serial_ice_b, serial_ice_h, serial_ice_g, serial_ice_d, serial_ice_e,
          hangedman_incinerator, uniq_maurice
Temple:   minmay_temple_bridge_abc

Skill      XL: |  1  2  3  4  5  6  7  8  9 10 |
---------------+-------------------------------+-----
Fighting       | 3 4 5 6 7 |  7.0
Dodging        | 3 4 5 6 |  6.4
Slings         | 5 6 |  6.5
Maces & Flails | 1 3 5 |  5.4
Armour         | 2 |  2.0
Transmutations | 2 4 5 |  5.6
Spellcasting   | 2 3 4 |  4.6
Long Blades    | 4 9 12 | 12.1
Stealth        | |  0.7

Action                   |  1- 3 |  4- 6 |  7- 9 | 10-12 || total
-------------------------+-------+-------+-------+-------++-------
Melee: Whip              |       |    47 |    60 |       ||   107
       Headbutt          |       |     8 |    30 |    18 ||    56
       Punch             |       |       |     1 |     2 ||     3
       Long sword        |       |       |    97 |    88 ||   185
 Fire: Hunting sling     |    92 |    89 |    36 |     7 ||   224
Throw: Throwing net      |       |       |       |     3 ||     3
       Stone             |       |       |       |     1 ||     1
 Cast: Beastly Appendage |     1 |     2 |       |       ||     3
       Wereblood         |       |       |       |     1 ||     1
Evoke: Wand              |       |       |    11 |     8 ||    19
  Use: Potion            |       |     1 |     2 |     2 ||     5
       Scroll            |       |       |       |     4 ||     4
Armor: Leather armour    |     5 |     9 |     4 |       ||    18
       Scale mail        |       |       |    18 |    26 ||    44
Dodge: Dodged            |    20 |    29 |    75 |    56 ||   180
Block: Other             |     9 |    12 |    34 |    13 ||    68
       Reflection        |     1 |       |       |     1 ||     2
